 Dungeon Crawl Stone Soup version 0.22-a0-363-g29407c6 (webtiles) character file.

22 GoochMcTaint the Sneak (level 2, -6/14 HPs)
             Began as a Spriggan Assassin on Apr 22, 2018.
             Mangled by a worker ant (7 damage)
             ... on level 2 of the Dungeon.
             The game lasted 00:03:56 (1491 turns).

GoochMcTaint the Sneak (Spriggan Assassin)          Turns: 1491, Time: 00:03:56

Health: -6/14      AC:  3    Str:  7    XL:     2   Next: 68%
Magic:  3/3        EV: 17    Int: 12    God:
Gold:   71         SH:  0    Dex: 17    Spells: 1/1 levels left

rFire    . . .     SeeInvis +   a - +2 dagger
rCold    . . .     Gourm    .   (shield restricted)
rNeg     . . .     Faith    .   c - +0 robe
rPois    .         Spirit   .   (helmet restricted)
rElec    .         Reflect  .   d - +0 cloak
rCorr    .         Harm     .   (gloves unavailable)
MR       .....                  (boots unavailable)
Stlth    +++.......             (no amulet)
HPRegen  0.04/turn              (no ring)
MPRegen  0.08/turn              (no ring)

@: very quick
A: very small, unfitting armour, see invisible, herbivore, speed 3, slow
metabolism 2
a: no special abilities


You were on level 2 of the Dungeon.
You were not hungry.

You visited 1 branch of the dungeon, and saw 2 of its levels.

You collected 71 gold pieces.

Inventory:

Hand Weapons
 a - a +2 dagger (weapon)
 b - a +0 blowgun
Missiles
 e - 8 poisoned needles
 f - 2 curare-tipped needles
 o - 16 stones (quivered)
Armour
 c - a +0 robe (worn)
 d - a +0 cloak (worn)
Scrolls
 h - a scroll of magic mapping {unknown}
 i - 4 scrolls of teleportation {unknown}
Potions
 j - a potion of heal wounds {unknown}
 k - a potion of mutation {unknown}
 l - a potion of degeneration {unknown}
 m - a potion of flight {unknown}
 n - a potion of curing {unknown}
Comestibles
 g - a ration


   Skills:
 - Level 1.5 Fighting
 + Level 2.6 Short Blades
 + Level 2.3 Throwing
 + Level 2.3 Dodging
 + Level 6.2 Stealth


You had one spell level left.
You didn't know any spells.

Dungeon Overview and Level Annotations

Branches:
Dungeon (2/15)

Altars:


Innate Abilities, Weirdness & Mutations

You are very small and have problems with some larger weapons.
You are too small for most types of armour.
You have supernaturally acute eyesight. (SInv)
You are a herbivore.
You cover ground extremely quickly.
You need to consume almost no food.


Message History

You don't know any spells.
You closely miss the worker ant. The worker ant barely misses you.
You barely miss the worker ant. The worker ant completely misses you.
The leopard gecko hisses angrily.
You hit the worker ant but do no damage.
The worker ant misses you.
You hit the worker ant but do no damage.
The worker ant bites you.
You closely miss the worker ant. The worker ant completely misses you.
You hit the worker ant but do no damage.
The worker ant closely misses you.
You hit the worker ant.
The worker ant is lightly wounded.
The worker ant bites you. The leopard gecko bites you.
* * * LOW HITPOINT WARNING * * *
You closely miss the worker ant.
The worker ant is lightly wounded.
The worker ant bites you!
Ouch! That really hurt!
You die...

... #.# # #.#
#### #.#.#
.... #.#)#
.$...
#.#.####.....
#...(........
#...l........
###@##......#
#...a.....<..
######......#
.......
...%...
.#####l .# .#
.#


You could see a worker ant and a leopard gecko.

Vanquished Creatures
  A dart slug (D:1)
  A leopard gecko (D:1)
  4 bats (D:1)
  3 hobgoblins (D:1)
  3 jackals (D:2)
  3 goblins (D:1)
  A kobold (D:2)
  2 rats (D:1)
18 creatures vanquished.

Notes
Turn   | Place    | Note
-------+----------+-------------------------------------------
     0 | D:1      | GoochMcTaint the Spriggan Assassin began the quest for the Orb.
     0 | D:1      | Reached XP level 1. HP: 10/10 MP: 2/2
   155 | D:1      | Reached skill level 6 in Stealth
   534 | D:1      | Reached XP level 2. HP: 14/14 MP: 3/3
  1491 | D:2      | Mangled by a worker ant

Vault maps used:
D:1:      dpeg_arrival_tiny_b
D:2:      marbit_many_paths, chequers_ecumenical_altar_simple,
          uniq_crazy_yiuf_cottage, uniq_robin, uniq_terence

Skill      XL: |  1 |
---------------+----+-----
Stealth        | 6 |  6.2
Dodging        | 2 |  2.3
Fighting       | |  1.5
Short Blades   | |  2.6
Throwing       | |  2.3

Action                   || total
-------------------------++-------
Melee: Dagger            ||    75
 Fire: Blowgun           ||     5
 Stab: Sleeping          ||     7
Armor: Robe              ||    13
Dodge: Dodged            ||    67

Table legend:
 A = Spawn XP
 B = Non-spawn XP
 C = Spawn XP percentage of total XP
 D = Spawn monster count
 E = Non-spawn monster count
 F = Spawn count percentage of total count
 G = Total turns spent on level
                    A         B        C        D         E        F      G
               +---------+---------+-------+---------+---------+-------+---------
         Total |       0 |      32 |   0.0 |       0 |      18 |   0.0 |  1491
               +---------+---------+-------+---------+---------+-------+---------
           D:1 |       0 |      25 |   0.0 |       0 |      14 |   0.0 |  1413
           D:2 |       0 |       7 |   0.0 |       0 |       4 |   0.0 |    78
               +---------+---------+-------+---------+---------+-------+---------
